 Dungeon Crawl Stone Soup version 0.26-a0-670-g578ab304f5 (webtiles) character file.

Game seed: 18042085789407858640

18888 PentaManta the Fighter (level 12, 0/108 HPs)
             Began as a Ghoul Fighter on Oct 19, 2020.
             Was a High Priest of Makhleb.
             Slain by a two-headed ogre
             ... wielding a +0 giant spiked club
              (19 damage)
             ... on level 13 of the Dungeon.
             The game lasted 00:37:09 (16164 turns).

PentaManta the Fighter (Ghoul Fighter)             Turns: 16164, Time: 00:37:09

Health: 0/108      AC: 17    Str: 25    XL:     12   Next: 63%
Magic:  11/11      EV: 10    Int:  3    God:    Makhleb [*****.]
Gold:   878        SH:  0    Dex:  8    Spells: 11/11 levels left

rFire    . . .     SeeInvis .     - Unarmed
rCold    + + .     Faith    +   b - +0 kite shield
rNeg     + + +     Spirit   .   w - +0 chain mail
rPois    ∞         Reflect  .   (no helmet)
rElec    .         Harm     .   s - +2 cloak
rCorr    .         Rampage  .   (no gloves)
MR       .....                  J - +1 pair of boots {run}
Stlth    ..........             j - amulet of faith
HPRegen  0.00/turn              H - ring of flight
MPRegen  0.12/turn              I - ring of protection from cold

@: confused, quick
A: rotting body, claws 1, cold resistance 1, negative energy resistance 3,
inhibited regeneration, torment resistance, unbreathing
a: Minor Destruction, Lesser Servant of Makhleb, Major Destruction, Greater
Servant of Makhleb, Renounce Religion, Evoke Flight


You were on level 13 of the Dungeon.
You worshipped Makhleb.
Makhleb was extremely pleased with you.
You visited 2 branches of the dungeon, and saw 15 of its levels.

You collected 878 gold pieces.

Inventory:

Hand Weapons
 a - a +2 dagger of venom
 h - a +5 dagger
Missiles
 m - 7 javelins (quivered)
Armour
 b - a +0 kite shield (worn)
 d - a scarf of repulsion
 s - a +2 cloak (worn)
 v - a +0 plate armour
 w - a +0 chain mail (worn)
 z - the +1 pair of gloves of the Tormentor {Regen+, unknown}
   (You found it on level 4 of the Dungeon)

   It increases your rate of regeneration.
 J - a +1 pair of boots of running (worn)
 K - a +0 troll leather armour
 L - +0 acid dragon scales
Jewellery
 j - an amulet of faith (around neck)
 H - a ring of flight (left claw)
 I - a ring of protection from cold (right claw)
Wands
 l - a wand of enslavement (8)
 n - a wand of paralysis (9)
 o - a wand of digging (3)
 C - a wand of flame (57)
 M - a wand of iceblast (17)
Scrolls
 f - 4 scrolls of fear
 i - 12 scrolls of teleportation
 k - 11 scrolls of remove curse
 p - 3 scrolls of enchant armour
 q - a scroll of torment {unknown}
 r - 4 scrolls of magic mapping
 B - 3 scrolls of blinking {unknown}
 G - 2 scrolls of fog
Potions
 c - 4 potions of might
 e - 3 potions of heal wounds
 g - 2 potions of haste
 t - 5 potions of curing
 D - a potion of ambrosia {unknown}


   Skills:
 * Level 10.6 Fighting
 * Level 9.1 Armour
 * Level 8.5 Dodging
 * Level 9.1 Shields
 + Level 10.0 Unarmed Combat


You had 11 spell levels left.
You didn't know any spells.
Your spell library contained the following spells:

 Spells                   Type           Power        Failure   Level
 Freeze                   Ice            #...         100%        1
 Magic Dart               Conj           #...         100%        1
 Searing Ray              Conj           #.....       100%        2
 Dazzling Flash           Conj/Hex       #.....       100%        3
 Frozen Ramparts          Ice            #.....       100%        3
 Fulminant Prism          Conj/Hex       #.........   100%        4
 Iskenderun's Mystic Bla  Conj/Tloc      #.......     100%        4
 Passage of Golubria      Tloc           N/A          100%        4
 Summon Forest            Summ/Tloc      #.........   100%        5
 Malign Gateway           Summ/Tloc      #.........   100%        7


Dungeon Overview and Level Annotations

Branches:
Dungeon (14/15)            Temple (1/1) D:7            Lair (0/6) D:10
    Orc (0/2) D:11
 Vaults: D:13-14

Altars:
Ashenzari
Cheibriados
Dithmenos
Elyvilon
Fedhas
Gozag
Hepliaklqana
Kikubaaqudgha
Makhleb
Nemelex Xobeh
Okawaru
Qazlal
Ru
Sif Muna
Trog
Uskayaw
Vehumet
Wu Jian
Xom
Yredelemnul
Zin
The Shining One
Beogh
Lugonu

Shops:
D:7 }[(}   D:9 !

Annotations:
D:7 1 exclusion


Innate Abilities, Weirdness & Mutations

Your body is rotting away.
You thrive by killing the living.
You are immune to poison.
You have sharp fingernails.
Your flesh is cold resistant. (rC+)
You are immune to negative energy. (rN+++)
You do not regenerate when monsters are visible.
You are immune to unholy pain and torment.
You can survive without breathing.


Message History

The yak bellows!
The two-headed ogre hits you with a +0 giant club!
The two-headed ogre barely misses you. The two-headed ogre barely misses you.
You block the two-headed ogre's attack.
An ogre mage comes into view. It is wielding a +0 spear.
The two-headed ogre hits you with a +0 giant spiked club!
The two-headed ogre barely misses you.
The ogre mage gestures at you while chanting.
You resist with significant effort.
The ogre mage gestures at you while chanting.
You are confused.
A yak comes into view.
The yak bellows!
The ogre mage casts a spell at you.
The bolt of poison hits you but does no damage.
You resist.
The two-headed ogre hits you with a +0 giant spiked club!!
* * * LOW HITPOINT WARNING * * *
The two-headed ogre hits you with a cursed -2 giant spiked club!!
You die...

#........# ...........
#........# ..........>
#........# ........)..
#........# ...........
#........# ...........
#...O....####+###.........
#......###.....######+####
#......'.O.....##.....
#.###..#.@.Y...Y...... #.#
#..#..O.Y...Y..... #.#
#..#..Y.Y.........
#.###..#..............
#......###'###########
#...................#
#...................#
#...................#
#.............†.....#


You could see 2 two-headed ogres, an ogre mage and 6 yaks.

Vanquished Creatures
  A hell beast (D:11)
  A centaur warrior (D:13)
  A death knight (D:10)
  3 two-headed ogres
  Nergalle (D:11)
  An unseen horror (D:13)
  Pikel (D:4)
  3 ugly things
  A manticore (D:13)
  A cyclops (D:13)
  A centaur zombie (D:11)
  Joseph (D:7)
  A rust devil (D:11)
  Maggie (D:9)
  A centaur skeleton (D:10)
  An orange demon (D:11)
  A freezing wraith (D:11)
  4 trolls
  A red devil (D:11)
  Prince Ribbit (D:5)
  A basilisk (D:10)
  A yak (D:10)
  A wyvern (D:9)
  4 wraiths
  A steam dragon (D:9)
  An acid dragon (D:11)
  2 water moccasins
  2 two-headed ogre zombies (D:11)
  2 ice beasts (D:8)
  7 phantoms
  3 black bears
  3 necrophages
  A sky beast (D:11)
  An orc warrior (D:8)
  6 ogres
  A centaur (D:10)
  The ghost of dracos369 the Covered, an amateur DsWn of Hepliaklqana (D:3)
  A lemure (D:4)
  2 big kobolds
  Blork the orc (D:4)
  7 bullfrogs
  A wyvern skeleton (D:5)
  A troll zombie (D:11)
  5 scorpions
  A water moccasin skeleton (D:10)
  6 killer bees (D:7)
  18 wights
  5 howler monkeys
  A quasit (D:10)
  2 hounds
  4 jellies
  14 orc wizards
  3 bullfrog skeletons
  9 orc priests
  8 iron imps (D:11)
  Terence (D:3)
  Jessica (D:3)
  4 iguanas
  Natasha (thrice) (D:2)
  11 worker ants
  A killer bee zombie (D:7)
  5 ogre zombies (D:11)
  3 hound skeletons
  A hound zombie (D:5)
  A worker ant zombie (D:11)
  7 gnolls
  13 adders
  3 shadow imps (D:7)
  A white imp (D:7)
  5 ufetubi
  An ooze (D:7)
  An adder skeleton (D:5)
  An adder zombie (D:9)
  3 worms
  4 dart slugs
  7 leopard geckos
  41 orcs
  2 giant cockroaches
  4 goblins
  8 hobgoblins
  13 jackals
  3 quokkas
  4 ball pythons
  9 bats
  7 frilled lizards
  4 goblin zombies (D:11)
  4 hobgoblin zombies (D:11)
  19 kobolds
  A leopard gecko skeleton (D:7)
  3 leopard gecko zombies
  3 orc skeletons (D:11)
  14 orc zombies (D:11)
  10 rats
380 creatures vanquished.

Notes
Turn   | Place    | Note
-------+----------+-------------------------------------------
     0 | D:1      | PentaManta the Ghoul Fighter began the quest for the Orb.
     0 | D:1      | Reached XP level 1. HP: 19/19 MP: 0/0
   200 | D:1      | Reached XP level 2. HP: 26/26 MP: 1/1
   698 | D:1      | Reached XP level 3. HP: 31/31 MP: 2/2
   705 | D:1      | Reached skill level 1 in Dodging
  1136 | D:2      | Noticed Natasha
  1150 | D:2      | Killed Natasha
  1150 | D:2      | Reached XP level 4. HP: 12/38 MP: 3/3
  1803 | D:2      | Noticed Natasha
  1813 | D:2      | Killed Natasha
  1813 | D:2      | Reached XP level 5. HP: 20/45 MP: 4/4
  2138 | D:2      | Noticed Natasha
  2147 | D:2      | Killed Natasha
  2565 | D:3      | Found a runed translucent gate.
  2567 | D:3      | Found a runed translucent gate.
  2567 | D:3      | Found a runed translucent gate.
  2621 | D:3      | Reached skill level 5 in Unarmed Combat
  2670 | D:3      | Noticed dracos369's ghost (amateur DsWn)
  2802 | D:3      | Reached XP level 6. HP: 43/51 MP: 5/5
  2890 | D:3      | Noticed Terence
  2908 | D:3      | Killed Terence
  3185 | D:3      | Noticed Jessica
  3186 | D:3      | Found a shimmering blue altar of Sif Muna.
  3192 | D:3      | Killed Jessica
  3409 | D:3      | Killed dracos369's ghost
  3659 | D:4      | Reached XP level 7. HP: 57/57 MP: 6/6
  3707 | D:4      | Noticed Pikel
  3738 | D:4      | Killed Pikel
  3738 | D:4      | Reached XP level 8. HP: 59/67 MP: 7/7
  4122 | D:4      | Reached skill level 5 in Fighting
  4301 | D:4      | Noticed Blork the orc
  4315 | D:4      | Killed Blork the orc
  4576 | D:4      | Got a pair of twisted gloves
  4886 | D:5      | Entered Level 5 of the Dungeon
  5318 | D:5      | Reached skill level 5 in Armour
  5318 | D:5      | Reached XP level 9. HP: 63/75 MP: 8/8
  5476 | D:5      | Reached skill level 5 in Shields
  5718 | D:5      | Noticed Prince Ribbit
  5749 | D:5      | Killed Prince Ribbit
  7072 | D:7      | Found Meumivva's Armour Emporium.
  7114 | D:7      | Reached skill level 5 in Dodging
  7124 | D:7      | Found a shimmering altar of Xom.
  7124 | D:7      | Found a glowing silver altar of Zin.
  7124 | D:7      | Noticed an angel
  7146 | D:7      | Found Uwog Xao's Weapon Shoppe.
  7244 | D:7      | Found Emaruog's Gadget Emporium.
  7486 | D:7      | Found a staircase to the Ecumenical Temple.
  7489 | D:7      | Identified the Papyrus of the Traveller and the Glacier
  7554 | Temple   | Entered the Ecumenical Temple
  7734 | Temple   | Became a worshipper of Makhleb the Destroyer
  7804 | D:7      | Reached XP level 10. HP: 86/86 MP: 9/9
  8015 | D:7      | Found a snail-covered altar of Cheibriados.
  8060 | D:7      | Found a basalt altar of Yredelemnul.
  8134 | D:7      | Identified a +1 pair of boots of running (You found it on
                  | level 7 of the Dungeon)
  8203 | D:7      | Found Utios's Gadget Emporium.
  8254 | D:7      | Found a roughly hewn altar of Beogh.
  8285 | D:7      | Noticed Joseph
  8305 | D:7      | Killed Joseph
  8721 | D:8      | Reached * piety under Makhleb
  9113 | D:8      | Found an ancient bone altar of Kikubaaqudgha.
  9179 | D:10     | Entered Level 10 of the Dungeon
  9573 | D:9      | Noticed a two-headed ogre
  9736 | D:9      | Noticed a two-headed ogre
  9846 | D:8      | Killed a two-headed ogre
  9959 | D:9      | Killed a two-headed ogre
  9959 | D:9      | Reached XP level 11. HP: 34/95 MP: 10/10
 10021 | D:9      | Noticed Maggie
 10141 | D:9      | Killed Maggie
 10577 | D:9      | Found Wabeschuw's Distillery.
 10600 | D:9      | Identified the +3 flail of False Accusations {vamp, rF+
                  | Str+5}
 10620 | D:9      | Reached ** piety under Makhleb
 11230 | D:10     | Found a staircase to the Lair.
 11930 | D:11     | Noticed a skeletal warrior
 11972 | D:11     | Noticed a death knight
 12469 | D:10     | Killed a death knight
 12519 | D:11     | Noticed Nergalle
 12521 | D:11     | Reached *** piety under Makhleb
 12547 | D:11     | Killed Nergalle
 12601 | D:11     | You fall into a shaft and drop 3 floors!
 12960 | D:12     | Noticed a two-headed ogre
 12970 | D:12     | Killed a two-headed ogre
 13046 | D:12     | Noticed a cyan ugly thing
 13060 | D:12     | Killed a cyan ugly thing
 13805 | D:11     | Noticed a brown ugly thing
 13832 | D:11     | Killed a brown ugly thing
 13832 | D:11     | Reached XP level 12. HP: 95/106 MP: 11/11
 13944 | D:11     | Reached skill level 10 in Fighting
 13954 | D:11     | Reached **** piety under Makhleb
 14093 | D:11     | Found a staircase to the Orcish Mines.
 14108 | D:11     | Noticed a hell beast
 14109 | D:11     | Found a corrupted altar of Lugonu.
 15099 | D:11     | Reached ***** piety under Makhleb
 15152 | D:11     | Killed a hell beast
 15681 | D:13     | Noticed a centaur warrior
 15697 | D:13     | Killed a centaur warrior
 16016 | D:13     | Reached skill level 10 in Unarmed Combat
 16124 | D:13     | Noticed a two-headed ogre
 16124 | D:13     | Noticed a two-headed ogre
 16161 | D:13     | Noticed an ogre mage
 16164 | D:13     | Slain by a two-headed ogre

Illustrated notes

Levels and vault maps discovered:
D:1:      dpeg_arrival_lava_altar, layout_basic
D:2:      layout_loops_ring, uniq_natasha
D:3:      layout_rooms, overflow_temple_1_default, ebering_ghost_rock_garden,
          uniq_terence, uniq_jessica
D:4:      layout_gridville, uniq_pikel, uniq_blork_the_orc
D:5:      layout_loops_ring, uniq_prince_ribbit1
D:6:      layout_basic, grunt_decor_arrowhead, chequers_serial_rivers_micro_d
D:7:      cheibrodos_barr_body, layout_loops_ring,
          nicolae_overflow_crystal_walls, lemuel_crystal_altar,
          grunt_temple_overflow_order_and_chaos_1,
          minmay_temple_entry_offerings, serial_shops,
          nicolae_shop_competitors_out_of_business, shop, nicolae_shop_crystal,
          shop_coins, david_defended_altar_orc, uniq_joseph
D:8:      layout_rooms, kennysheep_little_box
D:9:      layout_cross, serial_shops, shop, uniq_maggie
D:10:     layout_cave_pools, david_lair_generic
D:11:     layout_basic, zombieorc2_lemuel, lemuel_hellish_altar, uniq_nergalle
D:12:     layout_grid_maze
D:13:     layout_stronghold, david_vaults_2
D:14:     layout_gridville, lemuel_doored_altar
Temple:   nicolae_temple_elliptical

Skill      XL: |  1  2  3  4  5  6  7  8  9 10 11 12 |
---------------+-------------------------------------+-----
Armour         | 3 4 5 6 7 8 9 |  9.1
Shields        | 3 4 5 7 8 9 |  9.1
Dodging        | 1 2 3 5 6 7 8 |  8.5
Unarmed Combat | 3 4 5 7 8 9 10 | 10.0
Fighting       | 4 5 7 8 9 10 | 10.6

Action                   |  1- 3 |  4- 6 |  7- 9 | 10-12 || total
-------------------------+-------+-------+-------+-------++-------
Melee: Unarmed           |   123 |   208 |   444 |  1028 ||  1803
Throw: Javelin           |       |       |       |     1 ||     1
Invok: Minor Destruction |       |       |       |     1 ||     1
 Abil: Evoke Flight      |       |       |       |     6 ||     6
Evoke: Wand              |       |       |       |     2 ||     2
  Use: Scroll            |       |       |       |    21 ||    21
Armor: Scale mail        |    63 |    63 |       |       ||   126
       Chain mail        |       |    34 |   152 |   516 ||   702
       Troll leather arm |       |       |       |    15 ||    15
Dodge: Dodged            |    39 |    69 |    76 |   422 ||   606
Block: Kite shield       |    54 |    94 |   175 |   635 ||   958

Table legend: (Time is in decaauts)
 A = Elapsed time spent in this place.
 B = Non-inter-level travel time spent in this place.
 C = Inter-level travel time spent in this place.
 D = Time resting spent in this place.
 E = Time spent auto-exploring this place.
 F = Levels seen in this place.
 G = Mean time per level.
                   A        B        C        D        E       F      G
               +--------+--------+--------+--------+--------+-----+--------+
         Total |  15748 |  15269 |    479 |   4455 |   7395 |  15 | 1049.9 |
       Dungeon |  15558 |  15087 |    471 |   4455 |   7255 |  14 | 1111.3 |
        Temple |    189 |    181 |      8 |      0 |    140 |   1 |  189.0 |
               +--------+--------+--------+--------+--------+-----+--------+

Top non-repeatable levels by time:
     D:2: 1781 daAuts
     D:9: 1529 daAuts
    D:11: 1437 daAuts
     D:7: 1406 daAuts
    D:10: 1374 daAuts
     D:4: 1277 daAuts
     D:5: 1160 daAuts
    D:12: 1101 daAuts
     D:3: 1024 daAuts
     D:8: 1005 daAuts
     D:6: 999 daAuts
     D:1: 804 daAuts
    D:13: 641 daAuts
  Temple: 189 daAuts
    D:14: 13 daAuts
